TOP OF THE 1ST |
University of Virginia Cavaliers batting - Pitching for University of Georgia Bulldogs : RHP Trevor Woodbury
|
Pitching: RHP Trevor Woodbury
|
|
Batting: RHB Rohit Gadhavi
|
0-0: Ball 1-0: Ground out 5-3 (Groundball, 5, EV 90.0 MPH)
|
Batting: LHB Jesse Westmoreland
|
0-0: Foul Ball, location: 2F 0-1: Foul Ball, location: 2F 0-2: Foul Ball, location: 2F 0-2: Ball 1-2: SINGLE (Groundball, 56D, EV 101.9 MPH)
|
Batting: RHB Arnaud Derosiers
|
0-0: Fly out, F8 (Flyball, 8RM, EV 90.6 MPH)
|
Batting: RHB Leo Villa
|
0-0: Ball 1-0: Ball 2-0: Fly out, F8 (Flyball, 8LXD, EV 99.4 MPH)
|
Top of the 1st over - 0 runs, 1 hit, 0 errors, 1 left on base; University of Virginia 0 - University of Georgia 0 |
BOTTOM OF THE 1ST |
University of Georgia Bulldogs batting - Pitching for University of Virginia Cavaliers : RHP Tim Mumpower
|
Pitching: RHP Tim Mumpower
|
|
Batting: RHB Jesus Alaniz
|
0-0: Fly out, F7 (Flyball, 7, EV 91.3 MPH)
|
Batting: RHB Patrick Pinault
|
0-0: Ball 1-0: Fly out, F7 (Flyball, 7, EV 90.6 MPH)
|
Batting: LHB Justin Daley
|
0-0: Called Strike 0-1: Ball 1-1: Ball 2-1: Foul Ball, location: 2F 2-2: Foul Ball, location: 2F 2-2: SINGLE (Groundball, 6M, EV 95.0 MPH)
|
Batting: RHB Terry Oetker
|
0-0: Ball 1-0: SINGLE (Groundball, 4MD, EV 95.0 MPH) Justin Daley to second Runner from 2nd tries for 3rd, SAFE, throw by CF made to third Terry Oetker to second
|
Batting: RHB Homer Petropoulos
|
0-0: Ball 1-0: Foul Ball, location: 2F 1-1: Ball 2-1: Foul Ball, location: 2F 2-2: Fly out, F8 (Flyball, 78XD, EV 84.4 MPH)
|
Bottom of the 1st over - 0 runs, 2 hits, 0 errors, 2 left on base; University of Virginia 0 - University of Georgia 0 |
TOP OF THE 2ND |
University of Virginia Cavaliers batting - Pitching for University of Georgia Bulldogs : RHP Trevor Woodbury
|
Batting: RHB Adam Dudek
|
0-0: Fly out, F5 (Flyball, 5D, EV 79.4 MPH)
|
Batting: RHB Matt Peddle
|
0-0: Swinging Strike 0-1: Ball 1-1: Called Strike 1-2: Strikes out swinging
|
Batting: RHB Tony Cortez
|
0-0: Ground out 4-3 (Groundball, 4S, EV 85.0 MPH)
|
Top of the 2nd over - 0 runs, 0 hits, 0 errors, 0 left on base; University of Virginia 0 - University of Georgia 0 |
BOTTOM OF THE 2ND |
University of Georgia Bulldogs batting - Pitching for University of Virginia Cavaliers : RHP Tim Mumpower
|
Batting: RHB Armando Ramirez
|
0-0: Ball 1-0: Ball 2-0: Fly out, F8 (Flyball, 8LS, EV 75.6 MPH)
|
Batting: RHB Pedro Gonzalez
|
0-0: Ball 1-0: Foul Ball, location: 2F 1-1: Called Strike 1-2: Ball 2-2: Ball 3-2: Strikes out looking
|
Batting: LHB Antonio Razo
|
0-0: Ball 1-0: Called Strike 1-1: Foul Ball, location: 2F 1-2: SINGLE (Groundball, 34D, EV 103.1 MPH)
|
Batting: RHB Mike Lassiter
|
0-0: Foul Ball, location: 2F 0-1: Ball 1-1: Ground out U3 (Groundball, 34, EV 90.0 MPH)
|
Bottom of the 2nd over - 0 runs, 1 hit, 0 errors, 1 left on base; University of Virginia 0 - University of Georgia 0 |
TOP OF THE 3RD |
University of Virginia Cavaliers batting - Pitching for University of Georgia Bulldogs : RHP Trevor Woodbury
|
Batting: RHB Alex Lira
|
0-0: Ball 1-0: Ball 2-0: Called Strike 2-1: Called Strike 2-2: Strikes out swinging
|
Batting: RHB Gabe Secundino
|
0-0: Ball 1-0: Ground out 4-3 (Groundball, 4, EV 86.9 MPH)
|
Batting: RHB Rohit Gadhavi
|
0-0: Called Strike 0-1: Ball 1-1: Ball 2-1: Ball 3-1: Base on Balls
|
Batting: LHB Jesse Westmoreland
|
0-0: Ball Rohit Gadhavi steals 2nd base 1-0: Called Strike 1-1: DOUBLE (Flyball, 7LD, EV 108.8 MPH) Rohit Gadhavi scores
|
Batting: RHB Arnaud Derosiers
|
0-0: Ball 1-0: Swinging Strike 1-1: Ball 2-1: Ball 3-1: Called Strike 3-2: Base on Balls
|
Batting: RHB Leo Villa
|
0-0: DOUBLE (Line Drive, 9LM, EV 109.4 MPH) Jesse Westmoreland scores Arnaud Derosiers to third
|
Batting: RHB Adam Dudek
|
0-0: Ball 1-0: Ball 2-0: Ball 3-0: Base on Balls
|
Batting: RHB Matt Peddle
|
0-0: Ball 1-0: Called Strike 1-1: Foul Ball, location: 2F 1-2: DOUBLE (Line Drive, 7LS, EV 111.3 MPH) Arnaud Derosiers scores Leo Villa scores Adam Dudek to third Runner from 3rd tries for Home, SAFE, no throw by LF
|
Batting: RHB Tony Cortez
|
0-0: Hit by Pitch
|
Pitching: LHP Viet Phang
|
|
Batting: RHB Alex Lira
|
0-0: Ball 1-0: Foul Ball, location: 2F 1-1: Ball 2-1: Foul Ball, location: 2F 2-2: Ball 3-2: 3-RUN HOME RUN (Flyball, 78XD, EV 108.1 MPH), Distance : 454 ft
|
Batting: RHB Gabe Secundino
|
0-0: Called Strike 0-1: Ball 1-1: Called Strike 1-2: Ball 2-2: Ball 3-2: Foul Ball, location: 2F 3-2: Fly out, F9 (Line Drive, 9, EV 96.3 MPH)
|
Top of the 3rd over - 8 runs, 4 hits, 0 errors, 0 left on base; University of Virginia 8 - University of Georgia 0 |
BOTTOM OF THE 3RD |
University of Georgia Bulldogs batting - Pitching for University of Virginia Cavaliers : RHP Tim Mumpower
|
Batting: RHB Jesus Alaniz
|
0-0: Ball 1-0: Called Strike 1-1: Ball 2-1: Ball 3-1: Foul Ball, location: 2F 3-2: Foul Ball, location: 2F 3-2: Ground out 6-3 (Groundball, 6, EV 81.3 MPH)
|
Batting: RHB Patrick Pinault
|
0-0: Swinging Strike 0-1: Ball 1-1: Called Strike 1-2: SINGLE (Groundball, 56D, EV 96.3 MPH)
|
Batting: LHB Justin Daley
|
0-0: Fly out, F7 (Flyball, 78D, EV 97.5 MPH)
|
Batting: RHB Terry Oetker
|
0-0: Called Strike 0-1: Ball 1-1: Called Strike 1-2: Foul Ball, location: 2F 1-2: Foul Ball, location: 2F 1-2: DOUBLE (Flyball, 78D, EV 98.8 MPH) Patrick Pinault to third Runner from 3rd tries for Home, SAFE, no throw by CF
|
Batting: RHB Homer Petropoulos
|
0-0: Fly out, F9 (Flyball, 9, EV 81.9 MPH)
|
Bottom of the 3rd over - 1 run, 2 hits, 0 errors, 1 left on base; University of Virginia 8 - University of Georgia 1 |
TOP OF THE 4TH |
University of Virginia Cavaliers batting - Pitching for University of Georgia Bulldogs : LHP Viet Phang
|
Batting: RHB Rohit Gadhavi
|
0-0: Ball 1-0: Foul Ball, location: 2F 1-1: SINGLE (Line Drive, 6D, EV 98.8 MPH)
|
Batting: LHB Jesse Westmoreland
|
0-0: Ball 1-0: SINGLE (Groundball, P, EV 79.4 MPH) (infield hit) Rohit Gadhavi to second
|
Batting: RHB Arnaud Derosiers
|
0-0: Called Strike 0-1: SINGLE (Groundball, 6MD, EV 103.8 MPH) Rohit Gadhavi to third Jesse Westmoreland to second
|
Batting: RHB Leo Villa
|
0-0: Ball 1-0: Ball 2-0: Ball 3-0: Base on Balls Rohit Gadhavi scores Jesse Westmoreland to third Arnaud Derosiers to second
|
Batting: RHB Adam Dudek
|
0-0: Ball 1-0: Fly out, F7 (Line Drive, 7, EV 92.5 MPH) Runner from 3rd tags up, SCORES, no throw by LF
|
Batting: RHB Matt Peddle
|
0-0: Ball 1-0: Fielders Choice at 2nd, 5-4 (Groundball, 56S, EV 78.8 MPH) Arnaud Derosiers to third
|
Batting: RHB Tony Cortez
|
0-0: Ball 1-0: Called Strike 1-1: Foul Ball, location: 2F 1-2: Strikes out looking
|
Top of the 4th over - 2 runs, 3 hits, 0 errors, 2 left on base; University of Virginia 10 - University of Georgia 1 |
BOTTOM OF THE 4TH |
University of Georgia Bulldogs batting - Pitching for University of Virginia Cavaliers : RHP Tim Mumpower
|
Batting: RHB Armando Ramirez
|
0-0: Ball 1-0: Foul Ball, location: 2F 1-1: Foul Ball, location: 2F 1-2: Foul Ball, location: 2F 1-2: Ball 2-2: SINGLE (Groundball, 4MD, EV 96.3 MPH)
|
Batting: RHB Pedro Gonzalez
|
0-0: Ball Armando Ramirez steals 2nd base (no throw) 1-0: Foul Ball, location: 2F 1-1: Ball 2-1: Ground out 5-3 (Groundball, 56S, EV 76.3 MPH)
|
Batting: LHB Antonio Razo
|
0-0: SINGLE (Groundball, 34, EV 106.9 MPH) Armando Ramirez to third Runner from 3rd tries for Home, SAFE, throw by RF to home Antonio Razo to second
|
Batting: RHB Mike Lassiter
|
0-0: Ball 1-0: Ball 2-0: Ball 3-0: Called Strike 3-1: Called Strike 3-2: Strikes out swinging
|
Batting: RHB Jesus Alaniz
|
0-0: Ball 1-0: Ball 2-0: Ground out 1-3 (Groundball, 15S, EV 65.0 MPH)
|
Bottom of the 4th over - 1 run, 2 hits, 0 errors, 1 left on base; University of Virginia 10 - University of Georgia 2 |
TOP OF THE 5TH |
University of Virginia Cavaliers batting - Pitching for University of Georgia Bulldogs : LHP Viet Phang
|
Batting: RHB Alex Lira
|
0-0: Ball 1-0: Called Strike 1-1: Fly out, F2 (Popup, 2L, EV 88.8 MPH)
|
Batting: RHB Gabe Secundino
|
0-0: Called Strike 0-1: Foul Ball, location: 2F 0-2: Ball 1-2: Ball 2-2: Strikes out looking
|
Pinch Hitting: SHB Luis Torres
|
0-0: Called Strike 0-1: Ball 1-1: Ball 2-1: Foul Ball, location: 2F 2-2: Reached on error, E4 (Groundball, 4, EV 84.4 MPH)
|
Batting: LHB Jesse Westmoreland
|
0-0: Ball 1-0: Called Strike 1-1: Ball 2-1: Ball 3-1: Called Strike 3-2: Ground out U3 (Groundball, 23, EV 89.4 MPH)
|
Top of the 5th over - 0 runs, 0 hits, 1 error, 1 left on base; University of Virginia 10 - University of Georgia 2 |
BOTTOM OF THE 5TH |
University of Georgia Bulldogs batting - Pitching for University of Virginia Cavaliers : RHP Tim Mumpower
|
Pitching: RHP Fernando Galvan
|
|
Now in CF: Ricky Aguilar
|
|
Batting: RHB Patrick Pinault
|
0-0: Swinging Strike 0-1: Foul Ball, location: 2F 0-2: Ball 1-2: Ball 2-2: Fly out, F8 (Line Drive, 8LM, EV 106.9 MPH)
|
Batting: LHB Justin Daley
|
0-0: Ground out 6-3 (Groundball, 6S, EV 75.0 MPH)
|
Batting: RHB Terry Oetker
|
0-0: Swinging Strike 0-1: Ball 1-1: Foul Ball, location: 2F 1-2: Ball 2-2: Ball 3-2: SOLO HOME RUN (Flyball, 7D, EV 97.5 MPH), Distance : 400 ft
|
Batting: RHB Homer Petropoulos
|
0-0: Ball 1-0: Swinging Strike 1-1: Fly out, F9 (Flyball, 9S, EV 87.5 MPH)
|
Bottom of the 5th over - 1 run, 1 hit, 0 errors, 0 left on base; University of Virginia 10 - University of Georgia 3 |
TOP OF THE 6TH |
University of Virginia Cavaliers batting - Pitching for University of Georgia Bulldogs : LHP Viet Phang
|
Pinch Hitting: RHB Winston Buccat
|
0-0: Swinging Strike 0-1: Fly out, F5 (Flyball, 5D, EV 77.5 MPH)
|
Pinch Hitting: RHB Edwin Calderon
|
0-0: Called Strike 0-1: Called Strike 0-2: Strikes out looking
|
Batting: RHB Terry Lewellyn
|
0-0: Called Strike 0-1: Ball 1-1: Foul Ball, location: 2F 1-2: Ball 2-2: Strikes out swinging
|
Top of the 6th over - 0 runs, 0 hits, 0 errors, 0 left on base; University of Virginia 10 - University of Georgia 3 |
BOTTOM OF THE 6TH |
University of Georgia Bulldogs batting - Pitching for University of Virginia Cavaliers : RHP Fernando Galvan
|
Now at 1B: Winston Buccat
|
|
Now in RF: Edwin Calderon
|
|
Batting: RHB Armando Ramirez
|
0-0: Called Strike 0-1: Ground out 6-3 (Groundball, 6, EV 102.5 MPH)
|
Batting: RHB Pedro Gonzalez
|
0-0: Ball 1-0: Ball 2-0: Called Strike 2-1: Foul Ball, location: 2F 2-2: Foul Ball, location: 2F 2-2: Foul Ball, location: 2F 2-2: Strikes out looking
|
Batting: LHB Antonio Razo
|
0-0: Ball 1-0: Ball 2-0: Fly out, F8 (Flyball, 8RD, EV 104.4 MPH)
|
Bottom of the 6th over - 0 runs, 0 hits, 0 errors, 0 left on base; University of Virginia 10 - University of Georgia 3 |
TOP OF THE 7TH |
University of Virginia Cavaliers batting - Pitching for University of Georgia Bulldogs : LHP Viet Phang
|
Batting: RHB Matt Peddle
|
0-0: Ball 1-0: Called Strike 1-1: Ground out 6-3 (Groundball, 6, EV 103.1 MPH)
|
Pinch Hitting: RHB Shing Mah
|
0-0: SINGLE (Groundball, 15S, EV 70.6 MPH) (infield hit)
|
Pitching: RHP Chris Gay
|
|
Pinch Hitting: RHB Al Blanchard
|
0-0: Called Strike 0-1: Ball 1-1: Swinging Strike 1-2: Ball 2-2: Ball 3-2: Base on Balls Shing Mah to second
|
Pinch Hitting: RHB John Hampton
|
0-0: Called Strike 0-1: Foul Ball, location: 2F 0-2: SINGLE (Line Drive, 7LM, EV 102.5 MPH) Shing Mah to third Al Blanchard to second
|
Batting: RHB Ricky Aguilar
|
0-0: Called Strike 0-1: Ball 1-1: SINGLE (Groundball, 6D, EV 104.4 MPH) Shing Mah scores Al Blanchard to third John Hampton to second Runner from 3rd tries for Home, throw by CF and OUT! 8-2
|
Pinch Hitting: RHB Jim Newton
|
0-0: Called Strike 0-1: Foul Ball, location: 2F 0-2: Foul Ball, location: 2F 0-2: Strikes out swinging
|
Top of the 7th over - 1 run, 3 hits, 0 errors, 2 left on base; University of Virginia 11 - University of Georgia 3 |
BOTTOM OF THE 7TH |
University of Georgia Bulldogs batting - Pitching for University of Virginia Cavaliers : RHP Fernando Galvan
|
Now at 2B: Melvin Nava
|
|
Now at 3B: Al Blanchard
|
|
Now at SS: John Hampton
|
|
Now in LF: Jim Newton
|
|
Batting: RHB Mike Lassiter
|
0-0: Called Strike 0-1: Ball 1-1: Ball 2-1: Ball 3-1: Base on Balls
|
Pinch Hitting: SHB Zack Flater
|
0-0: Called Strike 0-1: Ball Wild Pitch! Mike Lassiter to second 1-1: SINGLE (Line Drive, 5D, EV 98.1 MPH) Mike Lassiter to third
|
Pinch Hitting: LHB Rafael Pereda
|
0-0: Fielders Choice at 2nd, 2-4 (Groundball, 15S, EV 74.4 MPH)
|
Pinch Hitting: RHB Rip Log
|
0-0: Foul Ball, location: 2F 0-1: Foul Ball, location: 2F 0-2: Ball 1-2: Fly out, F7 (Flyball, 7, EV 85.0 MPH) Runner from 3rd tags up, SCORES, throw by LF
|
Batting: RHB Ivan Barrientos
|
0-0: Swinging Strike 0-1: Ball 1-1: Ball 2-1: Called Strike 2-2: Ball 3-2: Strikes out swinging
|
Bottom of the 7th over - 1 run, 1 hit, 0 errors, 1 left on base; University of Virginia 11 - University of Georgia 4 |
TOP OF THE 8TH |
University of Virginia Cavaliers batting - Pitching for University of Georgia Bulldogs : RHP Chris Gay
|
Now at 1B: Francisco Duarte
|
|
Now at 2B: Paul Jarville
|
|
Now in CF: Zack Flater
|
|
Batting: RHB Winston Buccat
|
0-0: Called Strike 0-1: Swinging Strike 0-2: Ball 1-2: Strikes out looking
|
Batting: RHB Edwin Calderon
|
0-0: Ball 1-0: Called Strike 1-1: Fly out, F9 (Flyball, 9, EV 91.3 MPH)
|
Batting: RHB Terry Lewellyn
|
0-0: Called Strike 0-1: Foul Ball, location: 2F 0-2: TRIPLE (Flyball, 78XD, EV 98.1 MPH)
|
Batting: RHB Matt Peddle
|
0-0: Foul Ball, location: 2F 0-1: Ball 1-1: Ball 2-1: Ball 3-1: Base on Balls
|
Pinch Hitting: LHB Sean Banks
|
0-0: Swinging Strike 0-1: Called Strike 0-2: Foul Ball, location: 2F 0-2: Foul Ball, location: 2F 0-2: Ball 1-2: DOUBLE (Line Drive, 89D, EV 110.6 MPH) Terry Lewellyn scores Matt Peddle to third Runner from 3rd tries for Home, SAFE, throw by CF to trailing runner, SAFE at third!
|
Batting: RHB Al Blanchard
|
0-0: Foul Ball, location: 2F 0-1: Foul Ball, location: 2F 0-2: Fly out, F7 (Flyball, 7D, EV 103.8 MPH)
|
Top of the 8th over - 2 runs, 2 hits, 0 errors, 1 left on base; University of Virginia 13 - University of Georgia 4 |
BOTTOM OF THE 8TH |
University of Georgia Bulldogs batting - Pitching for University of Virginia Cavaliers : RHP Fernando Galvan
|
Pitching: RHP Victor Gomez
|
|
Now at 2B: Omar Martin
|
|
Pinch Hitting: RHB Jeff Floyd
|
0-0: Ball 1-0: Called Strike 1-1: SINGLE (Groundball, 6MD, EV 95.0 MPH)
|
Pinch Hitting: LHB William Pena
|
0-0: Grounds into double play, 3-6-1 (Groundball, 3, EV 81.3 MPH)
|
Batting: RHB Pedro Gonzalez
|
0-0: Called Strike 0-1: Ground out 4-3 (Groundball, 34, EV 106.9 MPH)
|
Bottom of the 8th over - 0 runs, 1 hit, 0 errors, 0 left on base; University of Virginia 13 - University of Georgia 4 |
TOP OF THE 9TH |
University of Virginia Cavaliers batting - Pitching for University of Georgia Bulldogs : RHP Chris Gay
|
Now at 3B: Doug Makwangwala
|
|
Now in LF: Fred Latimer
|
|
Pinch Hitting: RHB Yong Kim
|
0-0: Called Strike 0-1: Foul Ball, location: 2F 0-2: Ball 1-2: Ground out 6-3 (Groundball, 6, EV 104.4 MPH)
|
Batting: RHB Ricky Aguilar
|
0-0: Ball 1-0: SINGLE (Groundball, 5D, EV 100.6 MPH)
|
Pinch Hitting: LHB Rogelio Rios
|
0-0: Ball 1-0: Foul Ball, location: 2F 1-1: Ball 2-1: Called Strike 2-2: Fly out, F2 (Popup, 2LF, EV 90.0 MPH)
|
Batting: RHB Winston Buccat
|
0-0: Called Strike 0-1: Ball 1-1: Called Strike 1-2: Ball 2-2: Ball 3-2: Base on Balls Ricky Aguilar to second
|
Pinch Hitting: RHB Devon Washington
|
0-0: Ball 1-0: SINGLE (Groundball, 6D, EV 101.3 MPH) Ricky Aguilar to third Winston Buccat to second Runner from 3rd tries for Home, SAFE, throw by LF to home
|
Pitching: RHP Koichi Endo
|
|
Batting: RHB Terry Lewellyn
|
0-0: Called Strike 0-1: Ground out 4-3 (Groundball, 4M, EV 101.9 MPH)
|
Top of the 9th over - 1 run, 2 hits, 0 errors, 2 left on base; University of Virginia 14 - University of Georgia 4 |
BOTTOM OF THE 9TH |
University of Georgia Bulldogs batting - Pitching for University of Virginia Cavaliers : RHP Victor Gomez
|
Now at SS: Haden McMenemy
|
|
Now in LF: Raul Archuleta
|
|
Now in RF: Rogelio Rios
|
|
Batting: LHB Antonio Razo
|
0-0: Ball 1-0: Ball 2-0: Ball 3-0: Called Strike 3-1: SINGLE (Line Drive, 7S, EV 95.0 MPH)
|
Pinch Hitting: RHB Jose Garibay
|
0-0: Called Strike 0-1: Swinging Strike 0-2: Strikes out looking
|
Batting: SHB Zack Flater
|
0-0: Ball 1-0: Ball 2-0: Fly out, F8 (Flyball, 8LS, EV 88.1 MPH)
|
Pinch Hitting: RHB Kevin Paul
|
0-0: Called Strike 0-1: SINGLE (Groundball, 4MD, EV 95.6 MPH) Antonio Razo to second
|
Pinch Hitting: SHB Hector Quiroz
|
0-0: Ground out 5-3 (Groundball, 56S, EV 80.6 MPH)
|
Bottom of the 9th over - 0 runs, 2 hits, 0 errors, 2 left on base; University of Virginia 14 - University of Georgia 4 |
|